[Event "10th Cherry Blossom Classic 2023"]
[Site "Dulles"]
[Date "2023.05.29"]
[Round "7.9"]
[White "Marjanovic, Annamaria"]
[Black "Paul, Justin"]
[Result "1-0"]
[ECO "E09"]
[WhiteElo "2273"]
[BlackElo "2314"]
[Annotator "TA"]
[PlyCount "47"]
[EventDate "2023.05.24"]
[EventType "swiss"]
[EventCountry "USA"]
[SourceTitle "playchess.com"]
[Source "ChessBase"]
[SourceQuality "1"]
[TimeControl "5400+30"]

1. d4 Nf6 2. c4 e6 3. g3 d5 4. Bg2 Be7 5. Nf3 O-O 6. O-O Nbd7 7. Qc2 c6 8. Nbd2 a5 9. e4 {[%emt 0:06:43] E09: Closed Catalan: Main Line: 7 Qc2 c6 8 Nbd2.} dxe4 10. Nxe4 a4 11. Bf4 {[%emt 0:07:32] White is slightly better.} Nxe4 12. Qxe4 Qa5 13. Rfd1 {[%emt 0:06:22] [#]} Re8 $146 ({Predecessor:} 13... Qh5 14. h3 Re8 15. Qe2 g5 16. Bc7 Qg6 17. Rd3 Bd8 18. Bxd8 Rxd8 19. Rad1 Nf8 {1-0 Kovacevic,B (2467)-Maras,M (2231) CRO-chT1A Bol 2014 (1.1)}) 14. Ne5 (14. Rac1 $16) 14... Nxe5 15. dxe5 Qc7 16. Rd2 Bd7 17. Rad1 Red8 18. h4 Rab8 (18... Be8 $11) 19. Bg5 {[%emt 0:13:55] White has more active pieces.} (19. c5 $5 ) 19... Bxg5 20. hxg5 c5 {[%emt 0:00:30] [#]} (20... Be8 $16) 21. g6 $1 hxg6 (21... Bc6 22. Qh4 (22. gxh7+ Kh8 $14) 22... Rxd2 23. Qxh7+ Kf8 24. Qh8+ (24. Rxd2 Qxe5 25. Rd3 Qf5 $16) 24... Ke7 25. Qh4+ (25. Rxd2 $2 Rxh8 26. Re2 Qd7 $19) 25... Ke8 26. Bxc6+ (26. Rxd2 Qxe5 27. Rd3 fxg6 $16) 26... bxc6 27. gxf7+ (27. Rxd2 Qxe5 28. Rd3 fxg6 $16) 27... Kxf7 28. Qf4+ (28. Rxd2 Qxe5 29. Rd7+ Kg8 $11) 28... Kg8 29. Rxd2 Qf7) (21... Be8 22. gxh7+) 22. Qh4 $18 a3 (22... Qxe5 $142 23. Rxd7 Rxd7 24. Rxd7 Qxb2) 23. bxa3 Kf8 {[%emt 0:01:16] [#]} 24. Rxd7 $1 {[%emt 0:00:32][%mdl 512] Weighted Error Value: White=0.11 (very precise) /Black=0.48} 1-0

[Event "10th Cherry Blossom Classic 2023"]
[Site "Dulles"]
[Date "2023.05.29"]
[Round "7.10"]
[White "Ouellet, Maili-Jade"]
[Black "Sriniaiyer, Sudarshan"]
[Result "0-1"]
[ECO "D38"]
[WhiteElo "2246"]
[BlackElo "2211"]
[Annotator "TA"]
[PlyCount "106"]
[EventDate "2023.05.24"]
[EventType "swiss"]
[EventCountry "USA"]
[SourceTitle "playchess.com"]
[Source "ChessBase"]
[SourceQuality "1"]
[TimeControl "5400+30"]

1. d4 Nf6 2. c4 e6 3. Nf3 d5 4. Nc3 Bb4 5. Qb3 a5 6. cxd5 {[%emt 0:02:46] D38: Queen's Gambit Declined: Ragozin Defence (4 Nf3 Bb4).} exd5 7. Bg5 c6 8. e3 {[%emt 0:00:48] White is slightly better.} O-O 9. Bd3 h6 10. Bh4 Re8 11. O-O Nbd7 {[%emt 0:04:05] [#]} 12. Rfe1 $146 ({Predecessor:} 12. Qc2 Be7 13. h3 Ne4 14. Bxe7 Qxe7 15. Rac1 Ndf6 16. Ne5 Nd6 17. Na4 Nfe4 18. Nc5 {½-½ Makarian,R (2414)-Sjugirov,S (2674) Titled Tuesday intern op 4th Febr blitz 2020 (4)}) 12... Be7 13. Rad1 Ne4 14. Bxe7 Qxe7 15. Nd2 Ndf6 16. f3 Nd6 17. Qc2 g6 (17... Nh5 $11) 18. Nb3 (18. e4 $16) 18... Bf5 $14 19. Bxf5 Nxf5 20. e4 dxe4 21. fxe4 Ng7 (21... Ng4 $14) 22. Qd2 $16 h5 (22... Kh7 $142) 23. Qf2 (23. e5 $16 Nd5 24. Nc5) 23... Nd7 (23... Ng4 $11 24. Qg3 Nf6) 24. Rf1 a4 25. Na1 (25. Nd2 $16) 25... Rf8 (25... f5 $5 ) 26. Qg3 Nb6 27. Nc2 Rad8 28. e5 Ne6 29. Ne4 Nd5 30. Ne3 Nxe3 31. Qxe3 Kg7 {[%emt 0:00:09] Wards off Qh6+} 32. Rf2 Qb4 33. Nd6 Rd7 34. Qg3 Kh7 35. Qh3 (35. a3 {simplifies} Qb3 36. Qxb3 axb3 37. Rd3) 35... Kg7 36. Kh1 Re7 $2 {[%emt 0:01:31] [#]} (36... f5 $14) 37. Qh4 $2 (37. g4 $1 $18 {[%cal Rg4h5] and the rest is easy.} Rd7 38. gxh5 Rxd6 39. exd6 Qxd6 40. d5 cxd5 41. hxg6 (41. Qf3 d4 $18) 41... fxg6 42. Rxf8 Kxf8 43. Qh8+ Ke7 44. Qh7+ (44. Re1 Qf4 $18) 44... Kd8 45. Qxb7) 37... Rd7 38. g4 ({White should try} 38. Qg3 $14) 38... hxg4 $1 $11 39. Qxg4 {[%emt 0:00:24] And now Nf5+ would win.} Rxd6 40. exd6 Qxd6 41. Kg1 Qd5 (41... f5 $5 42. Qg3 f4 $11) 42. a3 (42. Qf3 $14) 42... Rd8 {[%emt 0:00:50][%cal Bf8d8,Bd8d5,Bd5f5,Bf5h5,Bh5h2][%mdl 1056] Black has compensation.} (42... f5 $5 43. Qh4 g5 $11) 43. Rfd2 Qc4 44. Qe4 Rd5 45. Kg2 (45. h4 $11 {keeps the balance.}) 45... Rf5 {[%emt 0:00:59] Hoping for ...Ng5.} 46. Rc2 $2 {[%emt 0:00:24] [#] White is weak on the light squares} (46. Rf2 $1 $15) 46... Qb3 $1 $19 47. Rf1 {[%emt 0:00:31] Inhibits Rf4.} (47. Kh1 Ng5 48. Qe2 Qd5+ 49. Qg2) 47... Ng5 {[%emt 0:00:11] ( -> ...Qh3+)} 48. Qe2 Qd5+ 49. Kg3 Ne4+ ({Stronger than} 49... Qxd4 50. Rxf5 gxf5 51. h4 Qd6+ 52. Kg2 Qd5+ 53. Kf2 Ne4+ 54. Kg1 $15) 50. Kh3 Rh5+ ({And not} 50... Qxd4 51. Rxf5 gxf5 52. Kg2 $11) 51. Kg2 Nd2+ ({Inferior is} 51... Qxd4 52. Qd1 Qe3 53. Rf3 Rg5+ 54. Kh1 $17) (51... Qg5+ $142 52. Kh1 Ng3+ 53. Kg1 Nxe2+ {[%mdl 64] Discovered Attack (Double check)} 54. Kf2 Nxd4 55. Ke1 Qe3+ 56. Kd1 Qd3+ {[%mdl 64] Deflection, Double Attack} 57. Ke1 Nxc2+ 58. Kf2 Rxh2+ 59. Kg1 Qg3#) 52. Kg3 Qg5+ {[%emt 0:00:23][%mdl 64] Deflection} 53. Kf2 Rxh2+ {[%emt 0:00:06] Weighted Error Value: White=0.74/Black=0.31} 0-1

[Event "10th Cherry Blossom Classic 2023"]
[Site "Dulles"]
[Date "2023.05.29"]
[Round "7.11"]
[White "Williams, Justus"]
[Black "Prabhu, Naveen"]
[Result "1/2-1/2"]
[ECO "A11"]
[WhiteElo "2396"]
[BlackElo "2138"]
[Annotator "TA"]
[PlyCount "88"]
[EventDate "2023.05.24"]
[EventType "swiss"]
[EventCountry "USA"]
[SourceTitle "playchess.com"]
[Source "ChessBase"]
[SourceQuality "1"]
[TimeControl "5400+30"]

1. Nf3 d5 2. g3 Nf6 3. Bg2 Bf5 4. c4 c6 5. cxd5 cxd5 6. Qb3 Nc6 {[%emt 0:01:49] A11: English Opening: 1...c6.} 7. Qxb7 Bd7 {[%emt 0:01:35] ...Rb8 would be deadly.} 8. Qb3 e5 9. O-O e4 10. Ne1 $1 Rb8 11. Qd1 h5 $1 $36 {[%emt 0:02:33][%mdl 2048] Black is pushing.} 12. d3 h4 $1 {[%emt 0:03:15] aiming for ...hxg3.} 13. dxe4 (13. Bf4 $11 {keeps the balance.}) 13... dxe4 (13... hxg3 $1 $17 14. hxg3 dxe4) 14. Nc3 hxg3 15. hxg3 (15. fxg3 $11 Qb6+ 16. e3) 15... Qa5 $1 $19 {[%emt 0:03:07] Threatens to win with ...Qh5.} 16. Bf4 {[%emt 0:09:59] [#]} (16. Nxe4 $142 Nxe4 17. Qd3) 16... Qh5 $146 ({Predecessor:} 16... Rxb2 17. Nxe4 Nxe4 18. Bxe4 Qh5 19. g4 Qxg4+ 20. Ng2 g5 21. Rc1 gxf4 22. Bxc6 Bxc6 23. Rxc6 Qh3 24. f3 Be7 {0-1 Petrov,N (2456)-Van Foreest,J (2547) Groningen op-A 53rd 2015 (3)}) 17. g4 $17 Qxg4 (17... Bxg4 $6 18. Nxe4 Nd5 19. Qxd5 (19. Nd6+ Bxd6 20. Bxd6 Rd8 $15) 19... Qxd5 20. Nf6+ gxf6 21. Bxd5 $11) (17... Nxg4 $17 {[%cal Og7g5] ...g5! is the strong threat.} 18. Nxe4 Rb4) 18. e3 $15 Qf5 19. Qb1 ({White should play} 19. Bg3 $1 $15) 19... Rb4 $17 {[%emt 0:08:22] And now ...g5 would win.} 20. f3 {[%emt 0:09:35] [#]} (20. a3 $17 Rc4 21. f3) 20... Nh5 $2 (20... Bc5 $1 $19 {is more deadly.} 21. fxe4 Qh5) 21. fxe4 Qg6 22. e5 $2 {[%emt 0:13:17][%mdl 8192] [#]} (22. Bc7 $17) 22... Rxf4 $2 23. Qxg6 $11 Rxf1+ 24. Kxf1 fxg6 25. e6 {[%emt 0:00:02][%mdl 64] Deflection} Bxe6 26. Bxc6+ Kd8 27. Nf3 Nf6 28. Ne5 Rh2 29. Bg2 (29. Nxg6 Bc5 30. Ne5 (30. Rd1+ Kc7 $17) 30... Rxb2 31. Rd1+ Kc7 32. Nb5+ Kb6 $17) 29... Bc5 30. Rd1+ Ke8 31. Rd2 (31. Nxg6 $2 {perishes.} Ng4 32. Rd2 (32. Bc6+ $2 Kf7 $19) 32... Kf7 $19) (31. Nb5 $11 Ng4 32. Nxg4 (32. Nxg6 $2 Bc4+ 33. Ke1 Bxb5 $19) 32... Bxg4 33. Rd5) 31... Rh5 $1 $15 (31... Bxe3 $2 32. Bc6+ Kf8 33. Nxg6+ Kf7 34. Ne5+ (34. Rxh2 Kxg6 35. Ke2 Bb6 $18) 34... Ke7 35. Rxh2 $18) 32. Bc6+ ({Much worse is} 32. Nxg6 Bxe3 33. Rd6 Bc4+ 34. Ke1 Kf7 $17) 32... Ke7 33. Nxg6+ Kf7 34. Nf4 Bxe3 35. Nxh5 Bxd2 {[%emt 0:00:04] This pair of bishops is nice.} 36. Nxf6 gxf6 {[%emt 0:00:26][%mdl 4096] Endgame KBB-KBN} (36... Bxc3 $5 37. Ne4 Bxb2 38. Ng5+ Kf6 39. Nxe6 Kxe6 $15) 37. Ne4 Bf4 38. b3 Bg4 39. Kf2 f5 40. Bd7 Bc7 41. Kg2 {[%emt 0:00:17] The position is equal.} Ke7 42. Bc8 Kd8 43. Be6 Ke7 44. Bc8 Kd8 {[%emt 0:00:48] Weighted Error Value: White=0.32/Black=0.32} 1/2-1/2

[Event "10th Cherry Blossom Classic 2023"]
[Site "Dulles"]
[Date "2023.05.29"]
[Round "7.12"]
[White "Girsh, Daniel"]
[Black "Roselli Mailhe, Bernardo"]
[Result "1/2-1/2"]
[ECO "E19"]
[WhiteElo "2123"]
[BlackElo "2380"]
[Annotator "TA"]
[PlyCount "136"]
[EventDate "2023.05.24"]
[EventType "swiss"]
[EventCountry "USA"]
[SourceTitle "playchess.com"]
[Source "ChessBase"]
[SourceQuality "1"]
[TimeControl "5400+30"]

1. Nf3 Nf6 2. c4 e6 3. g3 b6 4. Bg2 Bb7 5. O-O Be7 6. d4 O-O 7. Nc3 Ne4 8. Qc2 Nxc3 9. Qxc3 d6 10. Rd1 Nd7 11. d5 {[%emt 0:07:06] E19: Queen's Indian: Old Main Line with 7...Ne4 8 Qc2 Nxc3 8 Qxc3.} e5 12. e4 $1 a5 {[%emt 0:01:53] [#]} 13. b3 $146 ({Predecessor:} 13. Be3 g6 14. Bh6 Re8 15. Qc2 Bc8 16. Nd2 Bg5 17. Bxg5 Qxg5 18. Rf1 Nc5 19. Rae1 {½-½ Van Zyl Rudd,J (2238)-Liu,Z (1912) Wch U16 Montevideo 2017 (6)}) 13... Nc5 14. Qe3 Bc8 15. Bb2 (15. Ba3 $11) 15... f5 $15 16. exf5 Bxf5 17. Re1 Nd3 18. Re2 Nxb2 19. Rxb2 h6 20. Re1 Qd7 21. Rbe2 Bg4 $36 {[%emt 0:00:27][%mdl 2048] Black is pushing.} 22. h4 Qf5 23. Nd2 Bxe2 24. Rxe2 g5 25. Be4 Qf7 26. hxg5 (26. Bd3 $17 {might work better.}) 26... Bxg5 $19 27. Qd3 Bxd2 28. Qxd2 Qg7 29. Kg2 a4 30. b4 Qg5 31. Qxg5+ (31. Qe1 {is a better defense.}) 31... hxg5 {[%emt 0:00:05][%mdl 4096] Endgame KRR-KRB} 32. a3 g4 33. Kg1 Rf6 34. b5 Kg7 35. Kg2 Raf8 36. Kg1 Kh6 37. Kf1 Kg5 38. Kg1 Rh8 39. Re3 Rf7 40. Re2 Rh6 41. Re3 Rhf6 42. Re2 Rf8 43. Kf1 Re8 44. Re3 Re7 45. Kg1 Ref7 46. Re2 Rg7 47. Re3 Rf8 48. Kf1 Rgf7 49. Re2 Rf3 50. Bxf3 Rxf3 {[%emt 0:00:15] KR-KR} 51. Re3 Rf7 ({Black should play} 51... Rf8 52. Re1 Kf5) 52. c5 $2 bxc5 {[%emt 0:00:29] [#] White must now prevent ...Rf3.} ({Worse is} 52... dxc5 53. Rxe5+ Rf5 54. Re7 $11) 53. Re4 Rf3 54. Rxa4 Rb3 55. Ra7 Rxb5 56. Rxc7 {[%emt 0:00:01] [#]} c4 $2 57. Rxc4 $11 Rxd5 58. a4 {[%emt 0:00:39] Wards off Rb5} Kf5 59. Ke2 {[%emt 0:00:55] Inhibits Rd1.} e4 60. Rb4 {[%emt 0:00:27] aiming for Rb5.} Rd3 $1 61. Rb5+ $2 (61. a5 $11 Ra3 62. Rb5+ Ke6 63. Rg5) 61... d5 $17 62. Rb8 Ra3 63. Ra8 (63. Re8 $17) 63... d4 $2 (63... Ke5 $19 {And now ...Kd4 would win.} 64. a5 Ra2+ 65. Kf1 Kd4) 64. a5 $11 {[%emt 0:00:27] The position is equal.} Ra2+ 65. Ke1 Ra1+ 66. Kd2 Ra2+ 67. Ke1 Ra1+ 68. Kd2 Ra2+ {[%emt 0:00:19] Weighted Error Value: White=0.12 (very precise) /Black=0.13 (very precise)} 1/2-1/2

[Event "10th Cherry Blossom Classic 2023"]
[Site "Dulles"]
[Date "2023.05.29"]
[Round "7.13"]
[White "Slate, Kent"]
[Black "Kiewra, Keaton"]
[Result "1/2-1/2"]
[ECO "B22"]
[WhiteElo "1989"]
[BlackElo "2352"]
[Annotator "TA"]
[PlyCount "65"]
[EventDate "2023.05.24"]
[EventType "swiss"]
[EventCountry "USA"]
[SourceTitle "playchess.com"]
[Source "ChessBase"]
[SourceQuality "1"]
[TimeControl "5400+30"]

1. e4 c5 2. c3 Nf6 3. e5 Nd5 4. Nf3 Nc6 5. Bc4 Nb6 6. Bb3 c4 7. Bc2 d5 {[%emt 0:00:06] 7...d6 gains popularity.} 8. exd6 Bg4 {[%emt 0:00:05] B22: Sicilian: 2 c3.} 9. O-O (9. h3 $5 Bh5 10. Qe2 $14) 9... e6 10. d4 {[%emt 0:07:04] Inhibits Ne5.} cxd3 11. Qxd3 Qxd6 {[%emt 0:00:25] [#]} 12. Qe4 $146 (12. Nbd2 {simplifies} Qxd3 13. Bxd3 Be7 14. a4) ({Predecessor:} 12. Qe2 Qc7 13. Nbd2 Nd4 14. cxd4 Qxc2 15. Qb5+ Qc6 16. Qxc6+ bxc6 17. Ne5 Be2 18. Re1 {0-1 Ludwig,J (2287)-Kiewra,K (2444) North American op 25th 2015 (7)}) 12... Bf5 13. Qe2 Bxc2 14. Qxc2 Rd8 15. Bg5 Be7 16. Bxe7 Nxe7 17. Nbd2 O-O 18. Rfe1 Ng6 19. Ne4 Qf4 20. Ng3 Rd7 21. Re4 Qc7 22. Rae1 Rfd8 23. h4 Nf4 (23... h6 {is interesting.} 24. Rxe6 fxe6 25. Qxg6 Rd1) 24. Kh2 (24. Ne5 $1 $11 Rd5 25. Rxf4 Rxe5 26. Rxe5 Qxe5 27. Re4) 24... f5 (24... Nd3 $17 25. Rb1 a6) 25. Rxe6 ({White should try} 25. Rxf4 $1 $15 Qxf4 26. Rxe6) 25... Nxe6 $17 26. Rxe6 {[%emt 0:00:07] [#]} Rd5 (26... g6 $1 $17 27. h5 Re7 28. Rxe7 Qxe7) 27. Qe2 $11 {[%emt 0:00:58] Re8+ would kill now.} h6 28. Re8+ Rxe8 $1 29. Qxe8+ Kh7 30. Ng5+ $1 {[%emt 0:00:11] The position is equal.} hxg5 31. Qh5+ Kg8 32. Qe8+ Kh7 33. Qh5+ {[%emt 0:00:06] Weighted Error Value: White=0.16 (very precise) /Black=0.11 (very precise)} 1/2-1/2

[Event "10th Cherry Blossom Classic 2023"]
[Site "Dulles"]
[Date "2023.05.29"]
[Round "7.14"]
[White "Plotkin, Mark"]
[Black "ADU, Oladapo"]
[Result "1-0"]
[ECO "D02"]
[WhiteElo "2341"]
[BlackElo "2081"]
[Annotator "TA"]
[PlyCount "89"]
[EventDate "2023.05.24"]
[EventType "swiss"]
[EventCountry "USA"]
[SourceTitle "playchess.com"]
[Source "ChessBase"]
[SourceQuality "1"]
[TimeControl "5400+30"]

1. d4 d5 2. Nf3 e6 3. Bf4 c5 4. e3 Nf6 5. c3 Bd6 6. Bb5+ {[%emt 0:00:58] [#] D02: 1 d4 d5 2 Nf3 sidelines, including 2...Nf6 3 g3 and 2...Nf6 3 Bf4.} Ke7 $146 (6... Nc6 $11) ({Predecessor:} 6... Nc6 7. Bxc6+ bxc6 8. Bxd6 Qxd6 9. Qa4 O-O 10. O-O cxd4 11. cxd4 c5 12. Rc1 c4 13. b3 Bd7 {½-½ Carlsen,M (2859)-Ding,L (2811) Tata Steel-A 85th 2023 (3)}) 7. dxc5 $14 Bxc5 8. O-O {[%emt 0:00:16] White is better.} Qb6 9. Qe2 (9. c4 {is interesting.} Bd7 10. a4 Rc8 11. cxd5 Nxd5 12. Nc3) 9... Rd8 10. a4 (10. Nbd2 $5 ) 10... a6 11. Bd3 Bd6 12. Bg5 {[%emt 0:02:33] Strongly threatening e4.} Qc7 13. Nbd2 (13. Bxh7 Rh8 14. e4 dxe4 15. Qxe4 Nbd7 $17) 13... h6 14. Bxf6+ (14. Bh4 {simplifies} Nc6 15. Rae1 Kf8 16. Bxf6 gxf6 17. e4) 14... Kxf6 15. e4 dxe4 (15... g6 $14) 16. Qxe4 ({White should play} 16. Nxe4+ $16 Ke7 17. Rad1) 16... g6 $1 17. Rad1 Nc6 18. Rfe1 Kg7 19. Nc4 Rb8 20. a5 e5 {[%emt 0:03:28] ...f5 is the strong threat.} (20... Be7 {feels hotter.} 21. h4 h5 22. Ng5 e5) 21. Qe2 (21. Ncxe5 $2 Re8 22. Qa4 Bxe5 $19) (21. Nfxe5 $2 Bf5 22. Qe2 Bxe5 23. Bxf5 gxf5 $19) (21. g4 {looks sharper.} Qe7 22. b4 Be6 23. Ne3) 21... Bg4 22. Ne3 (22. Ncxe5 $2 {loses.} Nxe5 23. Be4 Re8 $19) 22... Bxf3 (22... Be6 $11) 23. Qxf3 Qxa5 24. b4 {[%emt 0:09:11] White is more active.} (24. Bc4 $16 f6 25. Qg4 (25. Ng4 f5 $17) (25. b4 e4 $14)) 24... e4 25. Bxe4 $16 Qe5 26. g3 $36 {[%emt 0:00:48][%mdl 2048] White is in control.} Qxc3 {[%emt 0:02:26][%mdl 8192] [#] Loses the game.} (26... Bf8 $16) 27. Nf5+ $1 $18 {[%emt 0:00:10][%mdl 576] Discovered Attack. White is clearly winning.} gxf5 28. Qxc3+ Be5 29. Qf3 fxe4 30. Qg4+ Kf8 31. Qxe4 Bc3 32. Rxd8+ Rxd8 33. Rc1 Rd4 34. Qh7 Bxb4 35. Qxh6+ Kg8 36. Qg5+ Kf8 37. Qf6 Rd6 38. Qh8+ Ke7 39. Qc8 Rd7 40. h4 Bd2 41. Rd1 Ne5 42. Kg2 b5 43. Qxa6 b4 44. Qb5 f6 45. h5 {[%emt 0:00:31] Weighted Error Value: White=0.15 (very precise) /Black=0.42} 1-0

[Event "10th Cherry Blossom Classic 2023"]
[Site "Dulles"]
[Date "2023.05.29"]
[Round "7.15"]
[White "Chabris, Christopher"]
[Black "Altman, Joshua"]
[Result "1/2-1/2"]
[ECO "C10"]
[WhiteElo "2053"]
[BlackElo "2120"]
[Annotator "TA"]
[PlyCount "45"]
[EventDate "2023.05.24"]
[EventType "swiss"]
[EventCountry "USA"]
[SourceTitle "playchess.com"]
[Source "ChessBase"]
[SourceQuality "1"]
[TimeControl "5400+30"]

1. e4 e6 2. d4 d5 3. Nc3 dxe4 4. Nxe4 Nd7 5. Nf3 Ngf6 6. Bd3 Nxe4 7. Bxe4 Nf6 8. Bg5 h6 {[%emt 0:11:54] C10: French with 3 Nc3: Unusual Black 3rd moves and 3...dxe4.} 9. Bxf6 Qxf6 10. Qe2 {[%emt 0:00:00][%cal Oe4b7] Hoping for Bxb7!} Rb8 {[%emt 0:04:34] White is slightly better.} 11. O-O-O Bd6 12. Kb1 O-O 13. g4 {[%emt 0:00:00] White is more active.} Qf4 14. h4 Bd7 {[%emt 0:21:19][%cal Bc8d7,Bd7b5,Bb5c6][%mdl 32] [#]} 15. Rhg1 $146 (15. Ne1 $5) ({Predecessor:} 15. Ne5 Rfd8 16. Nd3 Qf6 17. g5 Qxd4 18. gxh6 gxh6 19. Rhg1+ Kh8 20. Qh5 Qf6 21. Bg6 Bf8 22. Bxf7 Bg7 23. Rg6 Qxf7 24. Rdg1 Be8 25. Rxh6+ Kg8 26. Rh8# {1-0 Mukhin,A (2188)-Abdulkarim,A (1944) Al Ain op 2nd 2013 (8)}) 15... Bb5 {[%emt 0:09:52][%mdl 64] [#] Deflection} 16. Bd3 Bc6 17. Ne5 Bxe5 18. Qxe5 Qxe5 19. dxe5 g5 20. h5 (20. hxg5 $11 hxg5 21. Rgf1) 20... Rbd8 21. Be2 (21. Kc1 $11) 21... Rd5 22. Rxd5 exd5 23. Bd3 {[%emt 0:00:15] Weighted Error Value: White=0.21 (precise) /Black=0.07 (flawless)} 1/2-1/2

[Event "10th Cherry Blossom Classic 2023"]
[Site "Dulles"]
[Date "2023.05.29"]
[Round "7.16"]
[White "Diao, Matthew Guo"]
[Black "Brady, Tyson"]
[Result "0-1"]
[ECO "A57"]
[WhiteElo "1973"]
[BlackElo "2092"]
[Annotator "TA"]
[PlyCount "94"]
[EventDate "2023.05.24"]
[EventType "swiss"]
[EventCountry "USA"]
[SourceTitle "playchess.com"]
[Source "ChessBase"]
[SourceQuality "1"]
[TimeControl "5400+30"]

1. d4 Nf6 2. c4 c5 3. d5 b5 4. Qc2 bxc4 5. e4 g6 6. Bxc4 d6 7. Nf3 Bg7 8. O-O O-O 9. h3 Na6 {[%emt 0:00:00][%cal Bb8a6,Ba6c7,Bc7e6][%mdl 32] A57: Benko/Volga Gambit.} 10. Nc3 Rb8 {[%emt 0:00:00] [#]} 11. Rb1 $146 ({Predecessor:} 11. Bf4 Qa5 12. e5 Ne8 13. Qe2 Nac7 14. Rac1 Ba6 15. b3 Bxc4 16. bxc4 Rb4 17. Ne4 {0-1 Remiro Juste,F (2232)-Cerrajeria Ruiz,J (2163) Aragon-chT Honor Titulo 2015 (10.10)}) 11... Nd7 {[%emt 0:00:00] White is slightly better.} 12. Qe2 Nc7 {[%emt 0:00:00] And now ...Bxc3 would win.} 13. Bd2 Nb6 14. b3 e6 15. dxe6 Nxe6 16. Nd5 Re8 17. Qd3 Bb7 18. Rfe1 Bc6 19. g3 Nd4 20. Nxd4 cxd4 21. Nxb6 axb6 {[%emt 0:00:00] [#]} (21... Qxb6 $11 22. Rbc1 (22. Qf3 Qb7 $15) 22... Bd7) 22. Bxf7+ $1 $16 {[%emt 0:01:24][%mdl 576] Decoy} Kxf7 23. Qc4+ Kf8 24. Qxc6 Rc8 25. Qb5 Re5 26. Qd3 Qd7 27. Kg2 (27. Qxd4 Qxh3 28. Qd3 (28. Qxd6+ Kg8 $14) 28... Rh5 29. Qf3+ Kg8 $16) 27... b5 28. Rbc1 {[%emt 0:02:27] Rxc8+ would be deadly.} ({Don't play} 28. Qxd4 $6 Rh5 29. Qd3 Qxh3+ 30. Kf3 Rh4 $14) 28... Rec5 29. Rcd1 (29. Ra1 $18) 29... Rc2 30. Bb4 (30. a3 $16) 30... Rxa2 $14 31. e5 (31. Ra1 $14 {is superior.} Rxa1 32. Rxa1) 31... Rcc2 $11 32. Qf3+ (32. exd6 $2 {is a self mate.} Rxf2+ 33. Kh1 Qxh3+ 34. Kg1 Qh2#) 32... Kg8 {[%emt 0:00:00] Strongly threatening ...Rxf2+.} 33. e6 Rxf2+ 34. Qxf2 Qb7+ 35. Kg1 Rxf2 36. Kxf2 {[%emt 0:00:05][%cal Oe6e7] aiming for e7!} Be5 {[%emt 0:00:00] Dancing on a razor blade.} 37. Rc1 $2 (37. Rxe5 $1 $11 {and White has nothing to worry.} dxe5 38. Rf1) 37... Qe7 $19 38. Rc8+ Kg7 39. Rec1 Qxe6 40. R8c7+ Kf6 41. Kg2 Qd5+ 42. Kg1 Qxb3 43. Rf1+ Ke6 44. Be1 d3 {[%emt 0:00:00][%cal Od3d2] Threatens to win with ...d2!} 45. Rf3 {[%emt 0:00:47] [#]} d2 $1 {[%emt 0:00:00][%mdl 64] Discovered Attack. Black mates.} 46. Rxb3 dxe1=Q+ ({Not} 46... dxe1=R+ 47. Kf2 Re4 48. Rxh7 $16 (48. Rxb5 h5 $16)) 47. Kg2 Qe2+ {[%emt 0:00:00] Quite a comeback for Black. Artfully played by Brady.   Weighted Error Value: White=0.87/Black=0.09 (flawless)} 0-1

[Event "10th Cherry Blossom Classic 2023"]
[Site "Dulles"]
[Date "2023.05.29"]
[Round "7.17"]
[White "Kanli, Alperen"]
[Black "Su, Kevin"]
[Result "1-0"]
[ECO "D11"]
[WhiteElo "2111"]
[BlackElo "2038"]
[Annotator "TA"]
[PlyCount "109"]
[EventDate "2023.05.24"]
[EventType "swiss"]
[EventCountry "USA"]
[SourceTitle "playchess.com"]
[Source "ChessBase"]
[SourceQuality "1"]
[TimeControl "5400+30"]

1. d4 d5 2. c4 c6 3. Nf3 Nf6 4. g3 Bf5 5. Bg2 e6 6. Nc3 h6 7. O-O Be7 8. Nd2 O-O 9. e4 dxe4 10. Ndxe4 Nbd7 11. Be3 Nxe4 12. Nxe4 Nf6 {[%emt 0:00:10] D11: Slav Defence: 3 Nf3 sidelines and 3...Nf6 4 e3 Bg4.} 13. Nc3 Qd7 14. h3 Rfd8 {[%emt 0:02:16] The position is equal.} 15. Qb3 Rab8 16. a4 {[%emt 0:00:42] [#]} b6 $146 ({Predecessor:} 16... Bd6 17. Rad1 Qe7 18. Rfe1 Rd7 19. d5 cxd5 20. cxd5 b6 21. g4 Bg6 22. dxe6 Qxe6 23. Qxe6 fxe6 {1-0 Khurtsidze,N (2220)-Kadimova,I (2270) EU-ch U20 Girls 1992}) 17. Rfd1 Qc8 18. Rac1 c5 19. Nb5 Be4 $1 20. f3 ({Better is} 20. Nxa7 $11 Qb7 21. Bxe4 Nxe4 22. Nb5) 20... cxd4 21. Bf4 Bc6 (21... Bg6 $15 {stays ahead.} 22. Nxa7 Qd7 23. Bxb8 Rxb8) 22. Nxa7 $16 {[%emt 0:00:30] White is more active.} Qd7 23. Nxc6 Qxc6 24. Bxb8 Rxb8 25. Qb5 (25. Rxd4 $2 {perishes.} Bc5 26. Qe3 e5 $19) 25... Qd6 26. f4 d3 (26... g5 $16) 27. c5 Qd4+ {[%emt 0:01:16][%mdl 8192] A mistake that costs the game.} (27... bxc5 $16 28. Qxd3 Qb6) 28. Kh2 $18 Bxc5 $2 (28... d2) 29. Rxd3 (29. Qxd3 Qxa4 30. Ra1 Qe8 $16) 29... Qb4 30. Qxb4 Bxb4 31. Rc4 Be7 32. Rc7 Bc5 {[%emt 0:00:47] [#]} (32... Bd8) 33. a5 $1 Nd5 (33... bxa5 34. Rxc5) 34. Bxd5 exd5 35. Rxd5 {[%emt 0:01:21][%mdl 4096] Endgame KRR-KRB} Re8 36. Rd2 Bb4 37. Rdc2 (37. axb6 $142 {[%cal Ob6b7] b7! would be deadly.} Ba5 38. Rc6) 37... bxa5 38. Kg2 Re3 39. Kf2 Rd3 40. Rb7 g5 41. Rc8+ Kg7 42. Rcc7 gxf4 43. Rxf7+ Kg6 44. Rxf4 ({Less strong is} 44. gxf4 Rxh3 45. Ke2 Rb3 $18) 44... Rd2+ 45. Kf3 Rxb2 (45... Rd3+ $142 46. Kg2 Rd2+ 47. Rf2 Rd6) 46. Rb6+ Kg7 47. Rd4 {[%emt 0:00:02] [#] Threatening mate with Rd7+.} Rb3+ 48. Kg4 {[%emt 0:00:06] White wants to mate with Rd7+.} Re3 49. Rd7+ Be7 50. Kf5 {[%emt 0:00:21] aiming for Re6.} Kf8 51. Rxh6 Rxg3 52. Rh8+ Kg7 53. Re8 ({Weaker is} 53. Rxe7+ Kxh8 54. h4 Ra3 $11) 53... Rf3+ 54. Kg4 Rf7 55. Rexe7 {[%emt 0:00:03] Weighted Error Value: White=0.36/Black=0.87} 1-0